3L
ATHLETIC CLUB KC @ SEATTLE ROCKETEERS
08/20/2039
 
TOP OF THE 1ST
Athletic Club KC batting - Pitching for Seattle Rocketeers : RHP Alain Arnaud
Pitching: RHP Alain Arnaud
Batting: LHB César Núñez 0-0: Ball
1-0: Foul Ball, location: 2F
1-1: SINGLE (Groundball, 34D, EV 95.0 MPH)
Batting: RHB Ali Ben Bongo 0-0: Ball
1-0: Ball
2-0: Ball
3-0: Called Strike
3-1: Base on Balls
César Núñez to second
Batting: SHB Shiki Sanu 0-0: Fielders Choice at 2nd, 4-6 (Groundball, 4, EV 85.6 MPH)
César Núñez to third
Batting: LHB Héctor Velázquez 0-0: Ball
1-0: Ball
2-0: Ball
3-0: Called Strike
3-1: DOUBLE (Line Drive, 7LS, EV 92.5 MPH)
César Núñez scores
Shiki Sanu to third
Batting: LHB José Rodríguez 0-0: Ball
1-0: Foul Ball, location: 2F
1-1: Ground out 4-3 (Groundball, 4, EV 83.1 MPH)
Shiki Sanu scores
Héctor Velázquez to third
Batting: LHB Pablo Hernández 0-0: Ball
1-0: Ball
2-0: Ball
3-0: Called Strike
3-1: Base on Balls
Batting: RHB Tasuku Goto 0-0: Ball
1-0: Ball
2-0: Called Strike
2-1: Called Strike
2-2: Ball
3-2: Strikes out swinging
Top of the 1st over - 2 runs, 2 hits, 0 errors, 2 left on base; Athletic Club KC 2 - Seattle 0
BOTTOM OF THE 1ST
Seattle Rocketeers batting - Pitching for Athletic Club KC : RHP Armando Garay
Pitching: RHP Armando Garay
Batting: SHB Glyn Bolasky 0-0: Ball
1-0: Ball
2-0: Ground out 4-3 (Groundball, 34, EV 103.1 MPH)
Batting: RHB Meester Gobbles-Rooster 0-0: Ball
1-0: Ball
2-0: SINGLE (Groundball, 56D, EV 103.1 MPH)
Batting: RHB Jurgen Flurgenburgen 0-0: Ball
1-0: Ball
2-0: Fielders Choice at 2nd, 4-6 (Groundball, 34, EV 104.4 MPH)
Batting: RHB Bastiaan Pieterse 0-0: Reached on error, E1 (Groundball, 15, EV 66.9 MPH)
Jurgen Flurgenburgen to third
Batting: RHB Claudio Tappen 0-0: Called Strike
0-1: Swinging Strike
0-2: Ball
1-2: Ball
2-2: SINGLE (Flyball, 8RS, EV 89.4 MPH)
Jurgen Flurgenburgen scores
Bastiaan Pieterse to third
Runner from 3rd tries for Home, SAFE, no throw by CF
Batting: RHB Alain Grosjean 0-0: Ball
1-0: Fly out, F9 (Flyball, 9D, EV 83.8 MPH)
Bottom of the 1st over - 2 runs, 2 hits, 1 error, 1 left on base; Athletic Club KC 2 - Seattle 2
TOP OF THE 2ND
Athletic Club KC batting - Pitching for Seattle Rocketeers : RHP Alain Arnaud
Batting: RHB Wade Tazewell 0-0: Ball
1-0: Foul Ball, location: 2F
1-1: Ball
2-1: Ball
3-1: SINGLE (Line Drive, 6D, EV 98.1 MPH)
Batting: RHB Armando Altagracia 0-0: Ball
1-0: Ball
2-0: Ball
3-0: Called Strike
3-1: DOUBLE (Line Drive, 3D, EV 96.2 MPH)
Wade Tazewell to third
Batting: LHB César Núñez 0-0: Ball
1-0: SINGLE (Groundball, 34D, EV 93.8 MPH)
Wade Tazewell scores
Armando Altagracia to third
Batting: RHB Ali Ben Bongo 0-0: Ball
1-0: Ball
2-0: Swinging Strike
2-1: Ball
3-1: Called Strike
3-2: Fly out, F9 (Line Drive, 9D, EV 91.2 MPH)
Runner from 3rd tags up, SCORES, throw by RF
Batting: SHB Shiki Sanu 0-0: Called Strike
0-1: Ball
1-1: Foul Ball, location: 2F
1-2: Ball
2-2: Foul Ball, location: 2F
2-2: Fly out, F8 (Flyball, 8LM, EV 93.1 MPH)
Batting: LHB Héctor Velázquez Pickoff Throw to First - Out! 1-3
Top of the 2nd over - 2 runs, 3 hits, 0 errors, 0 left on base; Athletic Club KC 4 - Seattle 2
BOTTOM OF THE 2ND
Seattle Rocketeers batting - Pitching for Athletic Club KC : RHP Armando Garay
Batting: SHB Charles Geudre 0-0: Ground out 4-3 (Groundball, 34D, EV 110.0 MPH)
Batting: LHB Murray Sperber 0-0: Called Strike
0-1: SINGLE (Line Drive, 89S, EV 106.9 MPH)
Batting: SHB Lodd Felton 0-0: Foul Ball, location: 2F
0-1: Swinging Strike
0-2: Ball
1-2: Ball
2-2: SINGLE (Groundball, 4, EV 107.5 MPH) (infield hit)
Murray Sperber to second
Batting: SHB Glyn Bolasky 0-0: Fly out, F7 (Flyball, 7, EV 81.2 MPH)
Batting: RHB Meester Gobbles-Rooster 0-0: Ball
1-0: Ball
2-0: Called Strike
2-1: Foul Ball, location: 2F
2-2: Foul Ball, location: 2F
2-2: Strikes out swinging
Bottom of the 2nd over - 0 runs, 2 hits, 0 errors, 2 left on base; Athletic Club KC 4 - Seattle 2
TOP OF THE 3RD
Athletic Club KC batting - Pitching for Seattle Rocketeers : RHP Alain Arnaud
Batting: LHB Héctor Velázquez 0-0: Ball
1-0: Foul Ball, location: 2F
1-1: Ground out 4-3 (Groundball, 4, EV 108.1 MPH)
Batting: LHB José Rodríguez 0-0: Ball
1-0: Ball
2-0: Called Strike
2-1: Ball
3-1: Foul Ball, location: 2F
3-2: Foul Ball, location: 2F
3-2: Foul Ball, location: 2F
3-2: Strikes out looking
Batting: LHB Pablo Hernández 0-0: Fly out, F8 (Flyball, 8LXD, EV 100.6 MPH)
Top of the 3rd over - 0 runs, 0 hits, 0 errors, 0 left on base; Athletic Club KC 4 - Seattle 2
BOTTOM OF THE 3RD
Seattle Rocketeers batting - Pitching for Athletic Club KC : RHP Armando Garay
Batting: RHB Jurgen Flurgenburgen 0-0: Ball
1-0: Called Strike
1-1: Called Strike
1-2: Foul Ball, location: 2F
1-2: SOLO HOME RUN (Line Drive, 7D, EV 108.1 MPH), Distance : 352 ft
Batting: RHB Bastiaan Pieterse 0-0: Ball
1-0: SINGLE (Groundball, 4D, EV 98.8 MPH)
Batting: RHB Claudio Tappen 0-0: Ball
1-0: Fly out, F8 (Flyball, 89D, EV 102.5 MPH)
Batting: RHB Alain Grosjean 0-0: Ball
1-0: 2-RUN HOME RUN (Flyball, 9LD, EV 103.8 MPH), Distance : 337 ft
Batting: SHB Charles Geudre 0-0: Called Strike
0-1: Foul Ball, location: 2F
0-2: Strikes out swinging
Batting: LHB Murray Sperber 0-0: Ball
1-0: Fly out, F7 (Flyball, 7, EV 90.0 MPH)
Bottom of the 3rd over - 3 runs, 3 hits, 0 errors, 0 left on base; Athletic Club KC 4 - Seattle 5
TOP OF THE 4TH
Athletic Club KC batting - Pitching for Seattle Rocketeers : RHP Alain Arnaud
Batting: RHB Tasuku Goto 0-0: Ball
1-0: Foul Ball, location: 2F
1-1: Foul Ball, location: 2F
1-2: Foul Ball, location: 2F
1-2: Ground out 6-3 (Groundball, 6, EV 91.9 MPH)
Batting: RHB Wade Tazewell 0-0: Ground out 6-3 (Groundball, 6, EV 85.6 MPH)
Batting: RHB Armando Altagracia 0-0: Ball
1-0: Called Strike
1-1: Called Strike
1-2: Ground out 4-3 (Groundball, 4M, EV 88.1 MPH)
Top of the 4th over - 0 runs, 0 hits, 0 errors, 0 left on base; Athletic Club KC 4 - Seattle 5
BOTTOM OF THE 4TH
Seattle Rocketeers batting - Pitching for Athletic Club KC : RHP Armando Garay
Batting: SHB Lodd Felton 0-0: Bunted foul
0-1: Ball
1-1: Ball
2-1: Ball
3-1: Base on Balls
Batting: SHB Glyn Bolasky 0-0: Swinging Strike
0-1: Ball
1-1: Foul Ball, location: 2F
1-2: Ball
2-2: Ball
3-2: SINGLE (Flyball, 89M, EV 94.4 MPH)
Lodd Felton to second
Batting: RHB Meester Gobbles-Rooster 0-0: Fly out, F4 (Flyball, 34D, EV 83.8 MPH)
Batting: RHB Jurgen Flurgenburgen 0-0: Foul Ball, location: 2F
0-1: Ball
1-1: Fly out, F9 (Flyball, 89M, EV 86.9 MPH)
Batting: RHB Bastiaan Pieterse 0-0: Called Strike
0-1: Fly out, F9 (Flyball, 89S, EV 79.4 MPH)
Bottom of the 4th over - 0 runs, 1 hit, 0 errors, 2 left on base; Athletic Club KC 4 - Seattle 5
TOP OF THE 5TH
Athletic Club KC batting - Pitching for Seattle Rocketeers : RHP Alain Arnaud
Batting: LHB César Núñez 0-0: Swinging Strike
0-1: Fly out, F9 (Flyball, 89M, EV 93.1 MPH)
Batting: RHB Ali Ben Bongo 0-0: Ground out 6-3 (Groundball, 6, EV 100.6 MPH)
Batting: SHB Shiki Sanu 0-0: Ball
1-0: Foul Ball, location: 2F
1-1: Foul Ball, location: 2F
1-2: Foul Ball, location: 2F
1-2: Ball
2-2: Foul Ball, location: 2F
2-2: DOUBLE (Flyball, 78D, EV 110.0 MPH)
Batting: LHB Héctor Velázquez 0-0: Ball
1-0: Ball
2-0: Called Strike
2-1: Ground out U3 (Groundball, 34, EV 85.0 MPH)
Top of the 5th over - 0 runs, 1 hit, 0 errors, 1 left on base; Athletic Club KC 4 - Seattle 5
BOTTOM OF THE 5TH
Seattle Rocketeers batting - Pitching for Athletic Club KC : RHP Armando Garay
Batting: RHB Claudio Tappen 0-0: SOLO HOME RUN (Flyball, 78XD, EV 89.4 MPH), Distance : 423 ft
Batting: RHB Alain Grosjean 0-0: Ball
1-0: Ground out 5-3 (Groundball, 56, EV 87.5 MPH)
Batting: SHB Charles Geudre 0-0: Ball
1-0: Foul Ball, location: 2F
1-1: Foul Ball, location: 2F
1-2: Foul Ball, location: 2F
1-2: Reached on error, E5 (Groundball, 5L, EV 80.6 MPH)
Batting: LHB Murray Sperber 0-0: Ball
1-0: Ball
2-0: Swinging Strike
2-1: Swinging Strike
2-2: Foul Ball, location: 2F
2-2: Ball
3-2: Foul Ball, location: 2F
3-2: SINGLE (Line Drive, 6MD, EV 108.8 MPH)
Charles Geudre to third
Pitching: RHP Rafael Narváez
Batting: SHB Lodd Felton 0-0: Ball
Murray Sperber steals 2nd base
1-0: Ball
2-0: Ball
3-0: Called Strike
3-1: Base on Balls
Batting: SHB Glyn Bolasky 0-0: Swinging Strike
0-1: Called Strike
0-2: Ball
1-2: Ball
2-2: Ball
3-2: Base on Balls
Charles Geudre scores
Murray Sperber to third
Lodd Felton to second
Batting: RHB Meester Gobbles-Rooster 0-0: Called Strike
0-1: Ball
1-1: Foul Ball, location: 2F
1-2: Ball
2-2: SINGLE (Groundball, 6, EV 75.6 MPH) (infield hit)
Murray Sperber scores
Lodd Felton to third
Glyn Bolasky to second
Batting: RHB Jurgen Flurgenburgen 0-0: Foul Ball, location: 2F
0-1: Grounds into double play, 5-4-3 (Groundball, 56, EV 79.4 MPH)
Bottom of the 5th over - 3 runs, 3 hits, 1 error, 2 left on base; Athletic Club KC 4 - Seattle 8
TOP OF THE 6TH
Athletic Club KC batting - Pitching for Seattle Rocketeers : RHP Alain Arnaud
Batting: LHB José Rodríguez 0-0: Ball
1-0: Ground out 4-3 (Groundball, 34, EV 99.4 MPH)
Batting: LHB Pablo Hernández 0-0: Ball
1-0: Called Strike
1-1: Ball
2-1: Ball
3-1: DOUBLE (Groundball, 3L, EV 100.6 MPH)
Batting: RHB Tasuku Goto 0-0: Ball
1-0: Swinging Strike
1-1: Called Strike
1-2: Strikes out swinging
Batting: RHB Wade Tazewell 0-0: Ball
1-0: Ball
2-0: SINGLE (Groundball, 6MD, EV 101.9 MPH)
Pablo Hernández to third
Runner from 3rd tries for Home, SAFE, no throw by CF
Pitching: RHP Alexander Goodpasture
Batting: RHB Armando Altagracia 0-0: Called Strike
0-1: Ball
1-1: Ball
2-1: Foul Ball, location: 2F
2-2: Strikes out swinging
Top of the 6th over - 1 run, 2 hits, 0 errors, 1 left on base; Athletic Club KC 5 - Seattle 8
BOTTOM OF THE 6TH
Seattle Rocketeers batting - Pitching for Athletic Club KC : RHP Rafael Narváez
Batting: RHB Bastiaan Pieterse 0-0: Foul Ball, location: 2F
0-1: Fly out, F7 (Flyball, 7LS, EV 92.5 MPH)
Batting: RHB Claudio Tappen 0-0: Called Strike
0-1: Ball
1-1: Ball
2-1: Ball
3-1: Fly out, F8 (Flyball, 89D, EV 108.8 MPH)
Batting: RHB Alain Grosjean 0-0: Ball
1-0: Called Strike
1-1: Foul Ball, location: 2F
1-2: Strikes out swinging
Bottom of the 6th over - 0 runs, 0 hits, 0 errors, 0 left on base; Athletic Club KC 5 - Seattle 8
TOP OF THE 7TH
Athletic Club KC batting - Pitching for Seattle Rocketeers : RHP Alexander Goodpasture
Batting: LHB César Núñez 0-0: Ball
1-0: Called Strike
1-1: Swinging Strike
1-2: Ball
2-2: Foul Ball, location: 2F
2-2: Strikes out looking
Batting: RHB Ali Ben Bongo 0-0: Swinging Strike
0-1: Ball
1-1: Ball
2-1: Ball
3-1: Base on Balls
Batting: SHB Shiki Sanu 0-0: Called Strike
0-1: Ball
1-1: Ball
2-1: Ball
3-1: Fielders Choice at 2nd, 1-6 (Groundball, 13, EV 71.9 MPH)
Batting: LHB Héctor Velázquez 0-0: Ball
1-0: Foul Ball, location: 2F
1-1: Ball
2-1: Foul Ball, location: 2F
2-2: Strikes out swinging
Top of the 7th over - 0 runs, 0 hits, 0 errors, 1 left on base; Athletic Club KC 5 - Seattle 8
BOTTOM OF THE 7TH
Seattle Rocketeers batting - Pitching for Athletic Club KC : RHP Rafael Narváez
Pitching: RHP Taalay Ibragimov
Batting: SHB Charles Geudre 0-0: Ball
1-0: Ball
2-0: Called Strike
2-1: Swinging Strike
2-2: SINGLE (Line Drive, 7S, EV 102.5 MPH)
Batting: LHB Murray Sperber 0-0: Called Strike
0-1: Foul Ball, location: 2F
0-2: Foul Ball, location: 2F
0-2: SINGLE (Groundball, 56, EV 103.8 MPH)
Charles Geudre to second
Batting: SHB Lodd Felton 0-0: Bunt missed!
0-1: Bunt missed!
0-2: Ball
1-2: Ball
2-2: Ball
3-2: Foul Ball, location: 2F
3-2: Strikes out swinging
Batting: SHB Glyn Bolasky 0-0: Called Strike
0-1: Ball
1-1: Foul Ball, location: 2F
1-2: Foul Ball, location: 2F
1-2: Fly out, F5 (Popup, 5, EV 73.8 MPH)
Batting: RHB Meester Gobbles-Rooster 0-0: Ball
1-0: Called Strike
1-1: Swinging Strike
1-2: Ball
2-2: Strikes out swinging
Bottom of the 7th over - 0 runs, 2 hits, 0 errors, 2 left on base; Athletic Club KC 5 - Seattle 8
TOP OF THE 8TH
Athletic Club KC batting - Pitching for Seattle Rocketeers : RHP Alexander Goodpasture
Batting: LHB José Rodríguez 0-0: Ball
1-0: Called Strike
1-1: SINGLE (Groundball, 56D, EV 95.6 MPH)
Batting: LHB Pablo Hernández 0-0: Ball
1-0: Ball
2-0: Called Strike
2-1: Called Strike
2-2: Foul Ball, location: 2F
2-2: Ball
3-2: Foul Ball, location: 2F
3-2: Base on Balls
José Rodríguez to second
Pitching: RHP Min-chor Chon
Batting: RHB Tasuku Goto 0-0: Ball
1-0: DOUBLE (Line Drive, 78M, EV 111.9 MPH)
José Rodríguez scores
Pablo Hernández to third
Runner from 3rd tries for Home, SAFE, throw by LF to home
Batting: RHB Wade Tazewell 0-0: Ball
1-0: SINGLE (Groundball, 6MD, EV 108.8 MPH)
Tasuku Goto to third
Runner from 3rd tries for Home, SAFE, throw by CF to home
Batting: RHB Armando Altagracia 0-0: Ball
1-0: Called Strike
1-1: Swinging Strike
1-2: Foul Ball, location: 2F
1-2: Ball
2-2: Foul Ball, location: 2F
2-2: Strikes out looking
Batting: LHB César Núñez 0-0: Ball
1-0: Called Strike
1-1: Ball
2-1: Called Strike
2-2: Ball
3-2: Base on Balls
Wade Tazewell to second
Batting: RHB Ali Ben Bongo 0-0: Called Strike
0-1: Swinging Strike
0-2: Foul Ball, location: 2F
0-2: Foul Ball, location: 2F
0-2: Reached via error on a dropped throw from 2B, E6 (Groundball, 4M, EV 90.0 MPH)
Wade Tazewell to third
César Núñez to second
Batting: SHB Shiki Sanu 0-0: Ball
1-0: Ball
2-0: Ball
3-0: Base on Balls
Wade Tazewell scores
César Núñez to third
Ali Ben Bongo to second
Pitching: RHP Suhaila Zainuddin
Batting: LHB Héctor Velázquez 0-0: Ball
1-0: Called Strike
1-1: Called Strike
1-2: SINGLE (Groundball, 34D, EV 93.8 MPH)
César Núñez scores
Ali Ben Bongo to third
Shiki Sanu to second
Throwing error, E9
Ali Ben Bongo scores
Shiki Sanu to third
Héctor Velázquez to second
Batting: LHB José Rodríguez 0-0: Ball
1-0: Swinging Strike
1-1: Called Strike
1-2: Strikes out swinging
Batting: LHB Pablo Hernández 0-0: Ball
1-0: Foul Ball, location: 2F
1-1: Ball
2-1: Ball
3-1: Base on Balls
Batting: RHB Tasuku Goto 0-0: Ground out 5-3 (Groundball, 5S, EV 85.0 MPH)
Top of the 8th over - 6 runs, 4 hits, 2 errors, 3 left on base; Athletic Club KC 11 - Seattle 8
BOTTOM OF THE 8TH
Seattle Rocketeers batting - Pitching for Athletic Club KC : RHP Taalay Ibragimov
Batting: RHB Jurgen Flurgenburgen 0-0: SINGLE (Line Drive, 56D, EV 101.2 MPH)
Pitching: LHP Francisco González
Batting: RHB Bastiaan Pieterse 0-0: Ball
1-0: Ball
2-0: Ground out 6-3 (Groundball, 6, EV 103.1 MPH)
Jurgen Flurgenburgen to second
Batting: RHB Claudio Tappen 0-0: Ball
1-0: Ball
2-0: Ball
3-0: Called Strike
3-1: Base on Balls
Batting: RHB Alain Grosjean 0-0: Ball
1-0: Called Strike
1-1: Foul Ball, location: 2F
1-2: SINGLE (Flyball, 9LS, EV 97.5 MPH)
Jurgen Flurgenburgen to third
Claudio Tappen to second
Runner from 3rd tries for Home, SAFE, no throw by RF
Pitching: RHP Tupac Blanch
Batting: SHB Charles Geudre 0-0: DOUBLE (Line Drive, 7LM, EV 95.0 MPH)
Claudio Tappen scores
Alain Grosjean to third
Runner from 3rd tries for Home, SAFE, throw by LF to home
Batting: LHB Murray Sperber 0-0: Ball
1-0: Ball
Wild Pitch!
Charles Geudre to third
2-0: Called Strike
2-1: Foul Ball, location: 2F
2-2: Ball
3-2: DOUBLE (Line Drive, 78M, EV 99.4 MPH)
Charles Geudre scores
Batting: SHB Lodd Felton 0-0: Ball
1-0: Ball
2-0: Swinging Strike
2-1: Ball
3-1: Base on Balls
Batting: SHB Glyn Bolasky 0-0: Swinging Strike
0-1: Ball
1-1: Ball
2-1: Swinging Strike
2-2: Ball
3-2: Foul Ball, location: 2F
3-2: Base on Balls
Murray Sperber to third
Lodd Felton to second
Batting: RHB Meester Gobbles-Rooster 0-0: Grounds into fielders choice 4-2 (Groundball, 4S, EV 70.0 MPH)
Lodd Felton to third
Glyn Bolasky to second
Batting: RHB Jurgen Flurgenburgen 0-0: Ball
1-0: Ball
2-0: Ball
3-0: Called Strike
3-1: Base on Balls
Lodd Felton scores
Glyn Bolasky to third
Meester Gobbles-Rooster to second
Batting: RHB Bastiaan Pieterse 0-0: Fielders Choice at 2nd, 5-4 (Groundball, 5L, EV 83.1 MPH)
Bottom of the 8th over - 5 runs, 4 hits, 0 errors, 3 left on base; Athletic Club KC 11 - Seattle 13
TOP OF THE 9TH
Athletic Club KC batting - Pitching for Seattle Rocketeers : RHP Suhaila Zainuddin
Pitching: RHP Dragutin Petrovic
Batting: RHB Wade Tazewell 0-0: Ball
1-0: Ball
2-0: Called Strike
2-1: Foul Ball, location: 2F
2-2: Ball
3-2: Fly out, F8 (Flyball, 8RXD, EV 102.5 MPH)
Batting: RHB Armando Altagracia 0-0: Ball
1-0: Ball
2-0: Called Strike
2-1: SINGLE (Groundball, 34D, EV 101.2 MPH)
Batting: LHB César Núñez 0-0: Called Strike
0-1: Foul Ball, location: 2F
0-2: Foul Ball, location: 2F
0-2: Ball
1-2: Foul Ball, location: 2F
1-2: Ball
2-2: Strikes out looking
Batting: RHB Ali Ben Bongo 0-0: Ground out 1-3 (Groundball, P, EV 81.2 MPH)
Top of the 9th over - 0 runs, 1 hit, 0 errors, 1 left on base; Athletic Club KC 11 - Seattle 13
Wednesday, July 8th, 2020 - OOTP Baseball 20.8 Build 74